 Dungeon Crawl Stone Soup version 0.20.1-1-g8b1a95d (webtiles) character file.

418 Lanoc the Covered (level 6, -1/57 HPs)
             Began as a Deep Dwarf Fighter on Dec 3, 2017.
             Killed by nerve-wracking pain
             ... invoked by an orc priest
              (3 damage)
             ... on level 3 of the Dungeon.
             The game lasted 00:09:02 (1632 turns).

Lanoc the Covered (Deep Dwarf Fighter)              Turns: 1632, Time: 00:09:04

Health: -1/57      AC: 12    Str: 22    XL:     6   Next: 61%
Magic:  6/6        EV:  9    Int:  8    God:
Gold:   169        SH: 10    Dex: 12    Spells: 5/5 levels left

rFire    . . .     SeeInvis .   a - +0 war axe
rCold    . . .     Gourm    .   c - +0 shield
rNeg     . . .     Faith    .   b - +0 scale mail
rPois    .         Spirit   .   q - +1 helmet
rElec    .         Reflect  .   p - +2 cloak {+Inv}
rCorr    .         Harm     .   (no gloves)
MR       +....                  (no boots)
Stlth    ..........             (no amulet)
Regen    0.0/turn               (no ring)
MPRegen  0.1/turn               (no ring)

@: non-regenerating
A: damage resistance, heal wounds, magic resistance 1, sense surroundings 1, no
potion heal 1, no regeneration
a: Heal Wounds, Evoke Invisibility


You were on level 3 of the Dungeon.
You were not hungry.

You visited 1 branch of the dungeon, and saw 3 of its levels.

You collected 169 gold pieces.

Inventory:

Hand Weapons
 a - a +0 war axe (weapon)
Armour
 b - a +0 scale mail (worn)
 c - a +0 shield (worn)
 k - a +0 large shield
 p - a +2 cloak of invisibility (worn)
 q - a +1 helmet (worn)
Scrolls
 e - a scroll of teleportation
 m - a scroll of remove curse
Potions
 d - a potion of might
 i - a potion of agility
 n - a potion of lignification
 o - a potion of curing
Comestibles
 f - 3 bread rations
 g - 13 chunks of flesh
 h - a meat ration
 j - a royal jelly
 l - 3 fruits


   Skills:
 + Level 3.8 Fighting
 + Level 3.8 Axes
 + Level 4.8 Armour
 + Level 3.1 Dodging
 + Level 4.7 Shields


You had 5 spell levels left.
You didn't know any spells.

Dungeon Overview and Level Annotations

Branches:
Dungeon (3/15)

Altars:
Zin


Innate Abilities, Weirdness & Mutations

You are resistant to damage.
You can heal yourself by infusing magical energy.
You passively map a small area around you.
You do not regenerate.
You are resistant to hostile enchantments. (MR+)
Potions are less effective at restoring your health.


Message History

You block the adder's attack.
You slash the orc priest!
The orc priest is almost dead.
You miss the adder. The adder barely misses you.
You block the orc priest's attack. You block the adder's attack.
The orc priest invokes the aid of Beogh against you.
Beogh smites you!
* * * LOW HITPOINT WARNING * * *
You barely miss the orc priest.
The orc priest is almost dead.
You closely miss the adder. The adder bites you but does no damage.
The orc priest looks braver for a moment.
The adder bites you but does no damage.
You closely miss the orc priest.
The orc priest is almost dead.
You hit the adder.
You kill the adder!
The orc priest mumbles some strange prayers to Beogh against you.
Pain shoots through your body!
You die...

#..# * *
#..# , #..#
*
#..#########
#..........#
##########.#
* * *#.# *
### * ,
*#)########
.... *, ,
##@†......
#### ,,,, ,
#o)...... *
, #.#######
* ,#.# * #.#
,, , ,, #.#
#.# ..#


You could see an orc priest.

Vanquished Creatures
  Grinder (D:3)
  2 orc priests (D:3)
  Crazy Yiuf (D:2)
  Robin (D:3)
  3 adders
  An ooze (D:3)
  A worm (D:2)
  3 dart slugs
  3 leopard geckos
  9 orcs (D:3)
  6 bats
  A giant cockroach (D:2)
  17 goblins
  7 hobgoblins
  2 jackals (D:3)
  A quokka (D:3)
  A ball python (D:3)
  A frilled lizard (D:2)
  8 kobolds
  5 rats
74 creatures vanquished.

Notes
Turn   | Place    | Note
-------+----------+-------------------------------------------
     0 | D:1      | Lanoc the Deep Dwarf Fighter began the quest for the Orb.
     0 | D:1      | Reached XP level 1. HP: 20/20 MP: 1/1
   130 | D:1      | Reached XP level 2. HP: 24/27 MP: 2/2
   545 | D:2      | Reached XP level 3. HP: 18/34 MP: 3/3
   616 | D:2      | Reached skill level 1 in Dodging
   778 | D:2      | Found a glowing silver altar of Zin.
   778 | D:2      | Noticed an angel
   913 | D:2      | Found a runed door.
  1037 | D:2      | Noticed Crazy Yiuf
  1042 | D:2      | Killed Crazy Yiuf
  1042 | D:2      | Reached XP level 4. HP: 29/42 MP: 4/4
  1084 | D:3      | Noticed Grinder
  1089 | D:3      | Paralysed by Grinder for 7 turns
  1100 | D:3      | Gained mutation: Potions are less effective at restoring your health. [potion of mutation]
  1100 | D:3      | Gained mutation: You are resistant to hostile enchantments. (MR+) [potion of mutation]
  1101 | D:3      | Paralysed by Grinder for 6 turns
  1115 | D:3      | Killed Grinder
  1115 | D:3      | Reached XP level 5. HP: 18/49 MP: 5/5
  1115 | D:3      | Reached XP level 6. HP: 20/56 MP: 6/6
  1547 | D:3      | Noticed Robin
  1556 | D:3      | Killed Robin
  1630 | D:3      | HP: 2/57 [orc priest/divine providence (7)]
  1632 | D:3      | Killed from afar by an orc priest

Skill      XL: |  1  2  3  4  5  6 |
---------------+-------------------+-----
Fighting       | 3 |  3.8
Dodging        | 1 2 3 |  3.1
Shields        | 4 |  4.7
Axes           | 3 |  3.8
Armour         | 4 |  4.8

Action                   |  1- 3 |  4- 6 || total
-------------------------+-------+-------++-------
Melee: War axe           |   105 |   137 ||   242
 Abil: Heal Wounds       |       |     2 ||     2
  Use: Potion            |     3 |     2 ||     5
       Scroll            |     3 |       ||     3
  Eat: Chunk             |     1 |     2 ||     3
Armor: Scale mail        |    35 |    58 ||    93
Dodge: Dodged            |    29 |    52 ||    81
Block: Shield            |    67 |    90 ||   157
